AoeStats
← ComplexKills

MegaRandom

504878165Analyzed
2v2 RM · 26d ago on Sep 6, 2026· 86m 36s· 4 players
Game mode
Random Map
Map size
Medium (4 player)
Population
200
Speed
Normal
Resources
Standard
Victory
Conquest
Starting age
Dark Age
Ending age
Imperial Age
RankedLock teamsTeams togetherTeam positionsShared explorationLock speedFull tech treeHidden civsTurbo modeCheats
Victory
Defeat
🇺🇸 Magyars · United States
900
+16
🇺🇸 Franks · United States
811
+20
🇺🇸 Vietnamese · United States
901
-18
🇺🇸 Sicilians · United States
889
-18
sL iKrYpToNiiTe
0:27 Loom
10:25 Feudal Age
13:49 Man-at-Arms
15:19 Scale Mail Armor
16:08 Horse Collar
20:08 Castle Age
21:16 Scale Barding Armor
25:37 Chain Barding Armor
26:58 Bloodlines
26:49 Husbandry
27:02 Double-Bit Axe
30:39 Wheelbarrow
30:24 Gold Mining
31:02 Heavy Plow
34:38 Imperial Age
32:20 Light Cavalry
33:33 Corvinian Army
33:55 Corvinian Army
38:41 Stone Mining
39:51 Town Watch
41:07 Plate Barding Armor
40:57 Conscription
44:21 Chemistry
42:49 Onager
44:14 Fletching
43:50 Elite Skirmisher
44:26 Long Swordsman
45:20 Bodkin Arrow
47:11 Bow Saw
47:40 Gold Shaft Mining
46:32 Capped Ram
51:14 Murder Holes
51:40 Ballistics
51:33 Bracer
51:06 Two-Handed Swordsman
52:07 Chain Mail Armor
53:16 Padded Archer Armor
54:15 Fishing Lines
59:35 Hand Cart
60:23 Heavy Scorpion
62:26 Elite Magyar Huszar
66:21 Leather Archer Armor
66:20 Recurve Bow
65:53 Pikeman
65:53 Champion
66:53 Caravan
68:22 Town Patrol
70:52 Siege Engineers
76:46 Careening
76:47 Clinker Construction
76:49 Masonry
76:20 Treadmill Crane
76:04 Heavy Cavalry Archer
77:13 Parthian Tactics
76:56 Thumb Ring
79:04 Coinage
79:27 Hoardings
78:25 Halberdier
80:10 Two-Man Saw
79:48 Ring Archer Armor
79:04 Arson
78:52 Sappers
ComplexKills
10:28 Feudal Age
11:03 Loom
18:32 Castle Age
19:55 Double-Bit Axe
27:08 Stone Mining
27:51 Husbandry
31:53 Gold Mining
34:12 Wheelbarrow
37:11 Imperial Age
37:33 Cavalier
42:28 Gold Shaft Mining
42:33 Forging
42:24 Scale Mail Armor
42:32 Scale Barding Armor
42:18 Fletching
42:08 Paladin
45:36 Chemistry
46:58 Iron Casting
46:24 Scale Mail Armor
46:47 Chain Barding Armor
46:23 Bodkin Arrow
46:07 Crossbowman
46:14 Elite Skirmisher
48:43 Ballistics
52:21 Padded Archer Armor
53:22 Blast Furnace
52:50 Chivalry
53:18 Leather Archer Armor
65:40 Caravan
68:59 Bow Saw
Profucius9933
10:40 Feudal Age
13:41 Double-Bit Axe
13:41 Horse Collar
18:57 Castle Age
17:51 Fletching
18:01 Padded Archer Armor
20:02 Bow Saw
19:57 Heavy Plow
22:34 Wheelbarrow
25:21 Bodkin Arrow
25:41 Leather Archer Armor
25:15 Loom
25:46 Hand Cart
27:02 Pikeman
27:32 Crossbowman
30:23 Forging
30:13 Scale Mail Armor
31:46 Iron Casting
32:32 Thumb Ring
33:09 Caravan
39:30 Imperial Age
36:46 Town Watch
39:32 Arson
39:48 Squires
39:50 Arbalester
39:59 Elite Skirmisher
41:10 Halberdier
43:52 Chain Mail Armor
43:38 Bracer
44:08 Ring Archer Armor
44:14 Ballistics
44:55 Chemistry
44:00 Sappers
44:54 Paper Money
45:31 Hoardings
46:10 Crop Rotation
46:50 Two-Man Saw
46:45 Town Patrol
47:45 Plate Mail Armor
51:37 Coinage
65:41 Siege Engineers
65:38 Murder Holes
65:56 Fortified Wall
74:45 Imperial Skirmisher
jkulik11
10:38 Feudal Age
13:24 Forging
16:46 Scale Mail Armor
21:10 Double-Bit Axe
26:05 Castle Age
26:39 Loom
26:20 Pikeman
36:53 Bow Saw
42:20 Iron Casting
45:16 Chain Mail Armor
73:13 Imperial Age
74:41 Halberdier
76:26 Elite Serjeant
78:08 Blast Furnace
82:57 Plate Mail Armor
Connection lost

Rejoining the realm…

Still unreachable

The connection could not be restored.

Session expired

The server has moved on; the page needs a fresh start.